 Dungeon Crawl Stone Soup version 0.29.1-2-gbd0b4ee654 (webtiles) character file.

Game seed: 12927749951324814272

155 zeram the Shield-Bearer (level 5, -1/53 HPs)
             Began as a Troll Fighter on Nov 16, 2022.
             Slain by a gnoll
             ... wielding a +0 halberd
              (8 damage)
             ... on level 3 of the Dungeon.
             The game lasted 00:02:48 (1899 turns).

zeram the Shield-Bearer (Troll Fighter)             Turns: 1899, Time: 00:02:49

Health: -1/53      AC:  4    Str: 24    XL:     5   Next: 14%
Magic:  4/4        EV:  9    Int:  6    God:
Gold:   136        SH:  7    Dex:  9    Spells: 4/4 levels left

rFire   . . .      SeeInvis .   a - +0 flail
rCold   . . .      Faith    .   c - +0 kite shield
rNeg    . . .      Spirit   .   b - +0 robe
rPois   .          Reflect  .   (helmet restricted)
rElec   .          Harm     .   (no cloak)
rCorr   .          Rampage  .   (gloves unavailable)
Will    .....                   (boots unavailable)
Stlth   +.........              (no amulet)
HPRegen 0.97/turn               (no ring)
MPRegen 0.09/turn               (no ring)

@: no status effects
A: large, unfitting armour, claws 3, regeneration 1, shaggy fur 1, tough skin 1
a: no special abilities


You were on level 3 of the Dungeon.
You visited 1 branch of the dungeon, and saw 3 of its levels.

You collected 136 gold pieces.

Inventory:

Hand Weapons
 a - a +0 flail (weapon)
Armour
 b - a +0 robe (worn)
 c - a +0 kite shield (worn)
Scrolls
 f - 3 scrolls of teleportation
 h - 2 scrolls of identify
 i - a scroll of poison {unknown}
 k - a scroll of noise {unknown}
Potions
 d - 2 potions of might
 e - 2 potions of degeneration
 g - a potion of resistance
 j - a potion of flight {unknown}


   Skills:
 + Level 3.0 Fighting
 + Level 3.3 Maces & Flails
 + Level 3.1 Dodging
 + Level 3.3 Shields


You had 4 spell levels left.
You didn't know any spells.
Your spell library contained the following spells:

 Spells                   Type           Power      Damage    Failure   Level
 Magic Dart               Conj           0%         1d3       75%         1
 Searing Ray              Conj           0%         2d4       87%         2
 Fulminant Prism          Conj/Hex       0%         3d6       100%        4


Dungeon Overview and Level Annotations

Branches:
Dungeon (3/15)

Altars:


Innate Abilities, Weirdness & Mutations

You are too large for most types of armour.
You have claws for hands.
Your natural rate of healing is unusually fast.
You are covered in fur. (AC +1)
You have tough skin. (AC +1)


Message History

No target in view!
No target in view!
No target in view!
No target in view!
No target in view!
No target in view!
f - 2 scrolls of teleportation (gained 1)
Found 2 stones.
You see here 2 stones.
You see here 2 stones.
You see here a hobgoblin skeleton.
j - a coppery potion
Found a stone staircase leading down.
You now have 136 gold pieces (gained 8).
k - a scroll labelled FATTARCHEAMI
f - 3 scrolls of teleportation (gained 1)
h - 2 scrolls of identify (gained 1)
Found 6 boomerangs.
A gnoll comes into view. It is wielding a +0 halberd.
The gnoll shouts!
The gnoll moves out of view.
A gnoll comes into view. It is wielding a +0 halberd.
A gnoll is nearby!
A gnoll is nearby!
A gnoll is nearby! 2 gnolls come into view.
The gnoll shouts!
The gnoll shouts!
Found a stone staircase leading up.
The gnoll hits you with a +4 spear.
The gnoll hits you from afar with a +0 spear.
The gnoll hits you with a +0 halberd!
You hit the gnoll.
The gnoll is moderately wounded.
The gnoll hits you with a +0 halberd! The gnoll hits you with a +4 spear!
* * * LOW HITPOINT WARNING * * *
The gnoll hits you from afar with a +0 spear.
* * * LOW HITPOINT WARNING * * *
The gnoll hits you with a +0 halberd!
You die...

###### ## #....# ...
#....#.... ######....#....
...<...g.......
.##....g(g...... .......g@.#
.....###..## . #
#.......#... ###......##
#.#.....# #########........#
#..................
#.#......###################
#.#......#..................


You could see 4 gnolls.

Vanquished Creatures
  An orc wizard (D:3)
  A gnoll (D:1)
  4 adders
  6 worms
  2 dart slugs
  An orc (D:3)
  4 endoplasms
  4 giant cockroaches
  5 goblins
  7 hobgoblins
  5 jackals (D:1)
  2 quokkas
  5 ball pythons
  5 bats
  2 frilled lizards (D:1)
  6 kobolds
  4 rats
64 creatures vanquished.

Notes
Turn   | Place    | Note
-------+----------+-------------------------------------------
     0 | D:1      | zeram the Troll Fighter began the quest for the Orb.
     0 | D:1      | Reached XP level 1. HP: 22/22 MP: 0/0
   266 | D:1      | Reached XP level 2. HP: 29/29 MP: 1/1
   584 | D:1      | Reached XP level 3. HP: 19/36 MP: 2/2
  1172 | D:2      | Reached XP level 4. HP: 41/44 MP: 3/3
  1678 | D:3      | Reached XP level 5. HP: 52/53 MP: 4/4
  1899 | D:3      | Slain by a gnoll

Illustrated notes

Levels and vault maps discovered:
D:1:      spicycebolla_arrival_ecumenical, layout_basic, serial_curves,
          eino_curves_01, eino_curves_01
D:2:      layout_loops_ring, kennysheep_decorative_pillar
D:3:      minmay_recursive_quarters, layout_rooms

Skill      XL: |  1  2  3  4 |
---------------+-------------+-----
Maces & Flails | 2 3 |  3.3
Shields        | 3 |  3.3
Dodging        | 3 |  3.1
Fighting       | 3 |  3.0

Action                   |  1- 3 |  4- 6 || total
-------------------------+-------+-------++-------
Melee: Flail             |   155 |   100 ||   255
  Use: Scroll            |     1 |     3 ||     4
 Stab: Sleeping          |     1 |       ||     1
Armor: Robe              |    73 |    27 ||   100
Dodge: Dodged            |    61 |    46 ||   107
Block: Kite shield       |    54 |    40 ||    94
